 Dungeon Crawl Stone Soup version 0.31-a0-845-g9abc20d24f (webtiles) character file.

Game seed: 698465728808706270

7105 Ethylacetat the Mimic (level 11, -1/82 HPs)
             Began as an Octopode Shapeshifter on Oct 1, 2023.
             Was an Initiate of Gozag.
             Killed from afar by a steam dragon (27 damage)
             ... with a ball of steam
             ... on level 9 of the Dungeon.
             The game lasted 00:25:24 (10603 turns).

Ethylacetat the Mimic (Octopode Shapeshifter)      Turns: 10603, Time: 00:25:24

Health: -1/82      AC:  1    Str: 20    XL:     11   Next: 10%
Magic:  9/9        EV: 16    Int: 12    God:    Gozag
Gold:   891        SH:  0    Dex: 12    Spells: 10/10 levels left

rFire   . .          .
                       - Unarmed
rCold   . . .        (no shield)
rNeg    . . .        (helmet currently unavailable)
rPois   +            (no amulet)
rElec   .            p - ring of resist corrosion
rCorr   +            r - ring of poison resistance
SInv    .            (no ring)
Will    .....        (no ring)
Stlth   ++           (no ring)
HPRegen 0.33/turn    (no ring)
MPRegen 0.11/turn    (no ring)
                     (no ring)

%: no passive effects
@: beast-form
A: beast (slay +4), almost no armour, amphibious, 8 rings, camouflage 1,
gelatinous body 1, (nimble swimmer 1), tentacles, low MP 1, robust 1, strong 1
a: Begin Untransformation, Renounce Religion, Potion Petition, Call Merchant,
Bribe Branch


You were on level 9 of the Dungeon.
You worshipped Gozag.
Gozag was pleased with you.
You were a hulking beast.
You visited 2 branches of the dungeon, and saw 10 of its levels.
You also visited: Bailey.

You collected 1139 gold pieces.
You spent 130 gold pieces at shops.
You paid 118 gold pieces to Gozag.

Inventory:

Missiles
 q - 2 curare-tipped darts (quivered)
 y - 2 throwing nets
 z - 3 darts of dispersal
Jewellery
 p - a ring of resist corrosion (left tentacle)
 r - a ring of poison resistance (right tentacle)
Talismans
 b - a beast talisman (active)
 c - a flux talisman
Wands
 m - a wand of flame (17)
 x - a wand of roots (1)
Scrolls
 a - a scroll of fear
 d - a scroll of immolation {unknown}
 e - 2 scrolls of blinking
 f - 3 scrolls of teleportation
 g - a scroll of revelation
 h - 5 scrolls of identify
 i - a scroll of poison
 j - 4 scrolls of enchant armour
 k - a scroll of brand weapon {unknown}
 l - 7 scrolls of enchant weapon {unknown}
 v - 2 scrolls of fog {unknown}
 w - a scroll of acquirement
Potions
 n - 3 potions of enlightenment
 o - 3 potions of might
 s - a potion of curing
 t - 2 potions of heal wounds
 u - a potion of invisibility


   Skills:
 + Level 7.6 Fighting
 + Level 7.7 Dodging
 + Level 8.1 Unarmed Combat
 * Level 10.2 Shapeshifting


You had 10 spell levels left.
You didn't know any spells.
Your spell library contained the following spells:

 Spells                   Type           Power      Damage    Failure   Level
 Freeze                   Ice            0%         1d3       32%         1
 Ensorcelled Hibernation  Hex/Ice        0%         N/A       45%         2
 Jinxbite                 Hex            0%         N/A       45%         2
 Passwall                 Tmut/Erth      0%         N/A       45%         2
 Static Discharge         Conj/Air       0%         2-2/arc   45%         2
 Frozen Ramparts          Ice            0%         1d1       69%         3
 Gell's Gravitas          Tloc           0%         N/A       69%         3
 Hailstorm                Conj/Ice       0%         3d3       69%         3
 Swiftness                Air            0%         N/A       69%         3
 Teleport Other           Tloc           0%         N/A       69%         3
 Tukima's Dance           Hex            0%         N/A       69%         3
 Anguish                  Hex/Necr       0%         N/A       97%         4
 Passage of Golubria      Tloc           0%         N/A       97%         4
 Summon Lightning Spire   Summ/Air       0%         N/A       97%         4
 Freezing Cloud           Conj/Ice/Air   0%         6-21      100%        5
 Yara's Violent Unravell  Hex/Tmut       0%         3d3       100%        5
 Dispersal                Tloc           0%         N/A       100%        6
 Ozocubu's Refrigeration  Ice            0%         4d7       100%        7
 Chain Lightning          Conj/Air       0%         N/A       100%        9
 Polar Vortex             Ice            0%         N/A       100%        9
 Simulacrum               Ice/Necr       Unusable   N/A       N/A         6

Dungeon Overview and Level Annotations

Branches:
Dungeon (9/15)             Temple (1/1) D:7          Bailey (visited)
   Lair: D:8-11         Orc: D:9-12

Altars:
Ashenzari
Cheibriados
Dithmenos
Elyvilon
Fedhas
Gozag
Hepliaklqana
Kikubaaqudgha
Makhleb
Nemelex Xobeh
Okawaru
Qazlal
Ru
Sif Muna
Trog
Uskayaw
Vehumet
Wu Jian
Xom
Yredelemnul
Zin
The Shining One

Shops:
D:4 ?

Annotations:
D:7 2 transporters, Opifex's ghost, novice TrCK


Innate Abilities, Weirdness & Mutations

You are a hulking beast.
Your limbs bulge with bestial killing power. (Slay +4)
You cannot wear most types of armour.
You are amphibious.
You can wear up to eight rings at the same time.
Your skin changes colour to match your surroundings (Stealth+).
Your rubbery body absorbs attacks. (AC +1, EV +1)
((You are camouflaged when in or above water. (Stealth+)))
You have tentacles for arms and can constrict up to eight enemies at once.
Your magical capacity is low. (-10% MP)
You are robust. (+10% HP)
Your muscles are strong. (Str +4, Int/Dex -1)


Message History

The cyclops shouts!
The cyclops hits you!!
You tentacle-slap the cyclops.
Your tentacle-slap misses the cyclops.
You squeeze the cyclops!
The cyclops is moderately wounded.
The cyclops hits you!!
You are too injured to fight recklessly!
You bludgeon the cyclops!
The cyclops is heavily wounded.
You tentacle-slap the cyclops but do no damage.
The cyclops is heavily wounded.
The cyclops hits you!
* * * LOW HITPOINT WARNING * * *
Okay, then.
You barely miss the cyclops.
The cyclops is heavily wounded.
You bludgeon the cyclops!
The cyclops is severely wounded.
The cyclops misses you.
You bludgeon the cyclops! You squeeze the cyclops!
You kill the cyclops!
You now have 891 gold pieces (gained 14).
You see here 3 large rocks.
A steam dragon comes into view.
The steam dragon hisses angrily.
You closely miss the steam dragon. You tentacle-slap the steam dragon.
The steam dragon is lightly wounded.
The steam dragon misses you. x2
You tentacle-slap the steam dragon.
The steam dragon is lightly wounded.
The steam dragon misses you. x2
You bludgeon the steam dragon!
The steam dragon is moderately wounded.
The steam dragon barely misses you. The steam dragon claws you.
You completely miss the steam dragon. You tentacle-slap the steam dragon!
The steam dragon is severely wounded.
The steam dragon breathes steam at you. The ball of steam hits you!!
You die...
Your body crumbles into a pile of gold.

#...#).....#
#..# ..#
#...#......#
#..# ...#
####...#......#
#..##...#
..............#
#<......#
..............#
#.......#
..............#
#.......#
......##......#
#..###...
...... #....D.#
#..# ... ......
#...#h.####..#
## .....
#...#..(.....#
$....
#...#..####..#
#...#..# #..#
#...#..# #..#
#. #..# #...
#..# #.... #..#
#..... #...
...###.


You could see a steam dragon (catching breath).

Vanquished Creatures
  An orc warlord (Bailey)
  A cyclops (D:9)
  Maggie (D:8)
  A troll (D:8)
  A hornet (D:8)
  Grinder (D:4)
  4 yaks (D:7)
  A steam dragon (D:9)
  2 water moccasins
  Duvessa (D:7)
  5 orc warriors
  3 black bears
  3 ogres
  2 centaurs
  A phantom (D:6)
  A kobold brigand (D:8)
  2 bullfrogs
  4 scorpions
  13 wights
  Dowan (D:7)
  3 killer bees (D:8)
  5 howler monkeys
  8 hounds
  3 jellies
  7 orc priests
  2 gnoll boudas
  6 iguanas
  6 orc wizards
  Robin (D:3)
  11 gnolls
  11 adders
  A shadow imp (D:5)
  4 white imps
  An ufetubus (D:5)
  A worm (D:4)
  3 dart slugs
  38 orcs
  9 ball pythons
  5 endoplasms
  A giant cockroach (D:3)
  23 goblins
  14 hobgoblins
  4 jackals (D:1)
  22 kobolds
  3 quokkas
  3 bats
  4 frilled lizards
  4 rats
252 creatures vanquished.

Notes
Turn   | Place    | Note
-------+----------+-------------------------------------------
     0 | D:1      | Ethylacetat the Octopode Shapeshifter began the quest for
                  | the Orb.
     0 | D:1      | Reached XP level 1. HP: 13/13 MP: 1/1
    95 | D:1      | Reached XP level 2. HP: 18/18 MP: 2/2
   352 | D:1      | Reached XP level 3. HP: 11/23 MP: 3/3
   500 | D:1      | You fall into a shaft and drop 1 floor!
  1691 | D:3      | Reached XP level 4. HP: 10/29 MP: 4/4
  1960 | D:3      | Reached skill level 4 in Shapeshifting
  1960 | D:3      | Reached XP level 5. HP: 28/34 MP: 5/5
  2006 | D:3      | Noticed Robin
  2015 | D:3      | Killed Robin
  2521 | D:3      | Found a sparkling altar of Nemelex Xobeh.
  2725 | D:4      | Gained mutation: You are robust. (+10% HP) [potion of
                  | mutation]
  2725 | D:4      | Gained mutation: Your magical capacity is low. (-10% MP)
                  | [potion of mutation]
  2725 | D:4      | Gained mutation: Your muscles are strong. (Str +4, Int/Dex
                  | -1) [potion of mutation]
  2755 | D:4      | Reached XP level 6. HP: 41/45 MP: 5/5
  3399 | D:4      | Noticed Grinder
  3414 | D:4      | Paralysed by Grinder for 3 turns
  3422 | D:4      | Killed Grinder
  3423 | D:4      | Reached skill level 5 in Shapeshifting
  3423 | D:4      | Reached XP level 7. HP: 45/50 MP: 6/6
  3611 | D:4      | Found Ruoziaps's Magic Scroll Shop.
  3614 | D:4      | Bought a scroll of fear for 52 gold pieces
  3614 | D:4      | Bought a scroll of teleportation for 39 gold pieces
  3614 | D:4      | Bought a scroll of teleportation for 39 gold pieces
  3648 | D:5      | Entered Level 5 of the Dungeon
  3807 | D:5      | Found an iron altar of Okawaru.
  4076 | D:5      | Reached XP level 8. HP: 51/59 MP: 7/7
  4220 | D:5      | Reached skill level 6 in Shapeshifting
  4227 | D:5      | Reached skill level 5 in Unarmed Combat
  4907 | D:5      | Found a stormy altar of Qazlal.
  4907 | D:5      | Found a snail-covered altar of Cheibriados.
  5019 | D:5      | Found a basalt altar of Yredelemnul.
  5283 | D:6      | Reached skill level 5 in Dodging
  5446 | D:6      | Reached skill level 7 in Shapeshifting
  5451 | D:6      | Reached skill level 5 in Fighting
  5451 | D:6      | Reached XP level 9. HP: 56/67 MP: 8/8
  6077 | D:6      | Got a well-preserved book
  6341 | D:7      | Found a staircase to the Ecumenical Temple.
  6347 | Temple   | Entered the Ecumenical Temple
  6357 | Temple   | Became a worshipper of Gozag Ym Sagoz the Greedy
  6428 | D:7      | Found a flagged portal.
  6442 | D:7      | Reached skill level 8 in Shapeshifting
  6445 | Bailey   | Entered a bailey
  6631 | Bailey   | Noticed an orc warlord
  6717 | Bailey   | Found a runed translucent gate.
  6720 | Bailey   | Found a runed translucent gate.
  6721 | Bailey   | Found a runed translucent gate.
  7079 | Bailey   | Killed an orc warlord
  7080 | Bailey   | Reached XP level 10. HP: 9/75 MP: 9/9
  7378 | D:7      | Reached skill level 9 in Shapeshifting
  7897 | D:7      | Noticed Dowan
  7898 | D:7      | Found a shimmering blue altar of Sif Muna.
  7903 | D:7      | Noticed Duvessa
  7910 | D:7      | Killed Duvessa
  7914 | D:7      | Killed Dowan
  8011 | D:7      | Got a foxed book
  8016 | D:7      | Found a bloodstained altar of Trog.
  8068 | D:7      | Found a radiant altar of Vehumet.
  8225 | D:7      | Found a transporter.
  8240 | D:7      | Noticed Opifex's ghost (novice TrCK)
  8365 | D:7      | Found a transporter.
  9152 | D:8      | Found a hazy altar of Hepliaklqana.
 10124 | D:8      | Noticed Maggie
 10137 | D:8      | Killed Maggie
 10295 | D:8      | Reached skill level 10 in Shapeshifting
 10474 | D:9      | Reached XP level 11. HP: 82/82 MP: 9/9
 10553 | D:9      | Noticed a cyclops
 10561 | D:9      | Killed a cyclops
 10603 | D:9      | Killed from afar by a steam dragon

Illustrated notes

Levels and vault maps discovered:
D:1:      dpeg_arrival_morbid_curiosity, layout_basic, grunt_decor_one_mirror,
          minmay_quantized
D:2:      layout_basic
D:3:      layout_basic, nemelex_xobeh_ov_fountains_minmay, grunt_ministairs_15,
          uniq_robin
D:4:      layout_loops_ring, serial_shops, nicolae_shop_rolled_up, uniq_grinder
D:5:      wad_river_or_something, layout_basic, okawaru_altar_gauntlet_db,
          lemuel_tele_altar, chequers_temple_overflow_statue_of_worship
D:6:      layout_loops_ring
D:7:      layout_basic, nzn_overflow_gifts_of_might_and_magic,
          vehumet_altar_wand_db, minmay_temple_entry_slanted, enter_bailey_3,
          gammafunk_ghost_stat_death
D:8:      layout_cave_pods, lemuel_doored_altar, nicolae_grassy_gnolls,
          uniq_maggie
D:9:      layout_long_grid
Temple:   nicolae_temple_god_jail

Skill      XL: |  1  2  3  4  5  6  7  8  9 10 |
---------------+-------------------------------+-----
Fighting       | 2 3 5 6 7 |  7.6
Shapeshifting  | 4 5 7 8 10 | 10.2
Dodging        | 3 4 5 6 7 |  7.7
Unarmed Combat | 4 5 7 8 |  8.1

Action                     |  1- 3 |  4- 6 |  7- 9 | 10-12 || total
---------------------------+-------+-------+-------+-------++-------
  Melee: Unarmed           |    65 |   133 |   212 |   150 ||   560
         Tentacles         |    11 |    22 |    45 |    44 ||   122
         Constrict         |    19 |    33 |    53 |    38 ||   143
         Punch             |     1 |     4 |    13 |    12 ||    30
  Throw: Dart              |       |       |     5 |     5 ||    10
  Evoke: Wand              |       |       |     6 |    24 ||    30
    Use: Potion            |       |     4 |     3 |       ||     7
         Scroll            |       |       |    12 |     1 ||    13
   Stab: Sleeping          |     5 |     4 |     5 |     1 ||    15
         Distracted        |       |       |       |     1 ||     1
 Armour: Skin              |    23 |    69 |   111 |    86 ||   289
  Dodge: Dodged            |    40 |    47 |   115 |    91 ||   293

Table legend: (Time is in decaauts)
 A = Elapsed time spent in this place.
 B = Non-inter-level travel time spent in this place.
 C = Inter-level travel time spent in this place.
 D = Time resting spent in this place.
 E = Time spent auto-exploring this place.
 F = Levels seen in this place.
 G = Mean time per level.
                   A        B        C        D        E       F      G
               +--------+--------+--------+--------+--------+-----+--------+
         Total |  10545 |  10223 |    322 |    425 |   8081 |  11 |  958.6 |
       Dungeon |   9689 |   9375 |    314 |    140 |   7848 |   9 | 1076.6 |
        Temple |     19 |     11 |      8 |      0 |      0 |   1 |   19.0 |
        Bailey |    836 |    836 |      0 |    285 |    233 |   1 |  836.0 |
               +--------+--------+--------+--------+--------+-----+--------+

Top non-repeatable levels by time:
     D:8: 1658 daAuts
     D:5: 1620 daAuts
     D:7: 1583 daAuts
     D:3: 1058 daAuts
     D:6: 1022 daAuts
     D:1: 980 daAuts
     D:4: 945 daAuts
  Bailey: 836 daAuts
     D:2: 649 daAuts
     D:9: 169 daAuts
  Temple: 19 daAuts
